cohdb
Replays
Latest Replays
All Replays
Popular Replays
Top Player Replays
Match Explorer
How It Works
Community
CoH3 Stats
Reddit
Sign in to upload your games and track your stats! →
Sign in with Steam
Match 42350809
Unlisted
Match 42350809
Overview
Messages
Build Orders
End
Construct Section Command Post
Selects Air and Sea Battlegroup
Infantry Section
Infantry Section
Infantry Section
Grenade Package
Selects Supply Surplus
Construct Resource Cache
Construct Resource Cache
Construct Platoon Command Post
Construct Resource Cache
Humber Armored Car
Kakash
BlackJackKing
LotDExile
Ico
Broly19HS
Victor #52
THE one-冰封夕阳
.
0
0
Comments
sign in to comment!
No comments posted yet!